 Dungeon Crawl Stone Soup version 0.19-a0-14-gde87d98 (webtiles) character file.

1318 Karasique the Conjurer (level 8, -3/57 HPs)
             Began as a Mottled Draconian Wizard on Apr 29, 2016.
             Was a Follower of Vehumet.
             Slain by a giant frog (8 damage)
             ... on level 7 of the Dungeon.
             The game lasted 00:34:02 (6302 turns).

Karasique the Conjurer (Mottled Draconian Wizard)   Turns: 6302, Time: 00:34:03

Health: -3/57      AC:  8    Str:  9    XL:     8   Next: 33%
Magic:  1/14       EV: 12    Int: 21    God:    Vehumet [*.....]
Gold:   321        SH:  0    Dex: 10    Spells: 6 memorised, 2 levels left

rFire  . . .     SeeInvis .     q - +2 short sword (speed)
rCold  . . .     Gourm    .     (armour unavailable)
rNeg   . . .     Faith    .     (no shield)
rPois  +         Spirit   .     a - +1 hat
rElec  .         Dismiss  .     D - +0 cloak
rCorr  .         Reflect  .     (no gloves)
SustAt +         Harm     .     (no boots)
MR     .....                    (no amulet)
Stlth  ++........               v - ring of sustain attributes
                                m - ring of poison resistance

@: repel missiles, not resistant to hostile enchantments, unstealthy
A: breathe sticky flame splash, unfitting armour, antennae 1, stinger 1,
cold-blooded, AC +6
a: Breathe Sticky Flame, Renounce Religion


You were on level 7 of the Dungeon.
You worshipped Vehumet.
Vehumet was aware of your devotion.
You were hungry.

You visited 2 branches of the dungeon, and saw 8 of its levels.

You collected 373 gold pieces.
You spent 52 gold pieces at shops.

Inventory:

Hand Weapons
 q - a +2 short sword of speed (weapon)
Armour
 a - a +1 hat (worn)
 D - a +0 cloak (worn)
Magical Staves
 w - an uncursed staff of summoning
Jewellery
 m - a ring of poison resistance (left hand)
 v - a ring of sustain attributes (right hand)
Wands
 k - a wand of random effects (26/48)
 E - a wand of flame (33/48)
 F - a wand of confusion (29/48)
Scrolls
 d - 2 scrolls of teleportation
 e - 4 scrolls of noise {unknown}
 h - a scroll of enchant weapon
 i - 2 scrolls of blinking
 p - a scroll of fog {unknown}
 u - a scroll of enchant armour
 x - 2 scrolls of remove curse
 y - a scroll of immolation {unknown}
 A - a scroll of fear {unknown}
Potions
 g - 2 potions of resistance
 j - a potion of heal wounds {unknown}
 l - a potion of berserk rage {unknown}
 n - 2 potions of cure mutation
 o - 4 potions of agility
 s - 2 potions of curing
 t - 2 potions of lignification
 G - 2 potions of might
Books
 b - a book of Minor Magic

   Spells                             Type                      Level
   a - Magic Dart                     Conjuration                  1
   b - Blink                          Translocation                2
   c - Call Imp                       Summoning                    2
   d - Repel Missiles                 Charms/Air                   2
   e - Slow                           Hexes                        2
   f - Conjure Flame                  Conjuration/Fire             3
   g - Mephitic Cloud                 Conjuration/Poison/Air       3
 f - a book of Enchantments

   Spells                             Type                      Level
   a - Cause Fear                     Hexes                        4
   b - Yara's Violent Unravelling     Hexes/Transmutation          5
   c - Silence                        Hexes/Air                    5
   d - Deflect Missiles               Charms/Air                   6
   e - Haste                          Charms                       6
   f - Discord                        Hexes                        8
Comestibles
 c - 4 bread rations
 B - 5 meat rations
 C - 3 chunks of flesh


   Skills:
 - Level 1.7 Dodging
 - Level 1.7 Stealth
 - Level 4.0 Spellcasting
 + Level 7.5 Conjurations
 - Level 2.0 Summonings
 - Level 2.0 Translocations
 - Level 3.0 Air Magic
 - Level 4.1 Poison Magic


You had 2 spell levels left.
You knew the following spells:

 Your Spells              Type           Power        Failure   Level  Hunger
a - Magic Dart            Conj           ####         1%          1    None
b - Call Imp              Summ           ##......     10%         2    #......
c - Blink                 Tloc           N/A          10%         2    #......
d - Mephitic Cloud        Conj/Pois/Air  ###.....     6%          3    ###....
e - Repel Missiles        Chrm/Air       ##....       12%         2    #......
f - Conjure Flame         Conj/Fire      ###.....     10%         3    ###....


Dungeon Overview and Level Annotations

Branches:
Dungeon (7/15)             Temple (1/1) D:5

Altars:
Dithmenos
Fedhas
Gozag
Kikubaaqudgha
Makhleb
Nemelex Xobeh
Okawaru
Pakellas
Qazlal
Ru
Sif Muna
Trog
Vehumet
Yredelemnul
Zin
The Shining One

Shops:
D:7 *

Annotations:
D:4 Zhenya25pyc's ghost, novice GrFi


Innate Abilities, Weirdness & Mutations

You can spit globs of burning liquid.
You can ignite nearby creatures when you spit burning liquid.
Your weird mottled scales are hard (AC +6).
Your body does not fit into most forms of armour.
You are cold-blooded and may be slowed by cold attacks.
You have a pair of small antennae on your head.
Your tail ends in a poisonous barb.


Message History

Your crimson imp misses the iguana.
The iguana bites your crimson imp.
Your crimson imp hits the iguana but does no damage.
Your crimson imp blinks!
The iguana bites your crimson imp.
You are feeling hungry.
The giant frog croaks.
You puncture the giant frog!
The giant frog is almost dead.
The giant frog hits you but does no damage.
You hit the giant frog.
The giant frog is almost dead.
The giant frog hits you.
You barely miss the giant frog.
The giant frog is almost dead.
The giant frog hits you but does no damage.
You completely miss the giant frog.
The giant frog is almost dead.
The giant frog hits you!
You die...

#.# #.##
#.## #.#
#..## #.#
#...##
#.#
##...##
#.#
##l5.##
#.#
##...#
#.# ##..#
#F#
{#..###@#
#...5..#
#...#####
#.....##
#....##
#####


You could see a giant frog and a friendly crimson imp.

Vanquished Creatures
  A phantom (D:6)
  3 giant frogs
  2 wights (D:6)
  2 crimson imps
  3 hounds
  Crazy Yiuf (D:6)
  3 orc wizards (D:6)
  4 worker ants (D:5)
  A hound zombie (D:5)
  2 hound skeletons (D:6)
  6 adders
  A shadow imp (D:7)
  2 worms
  A dart slug (D:2)
  5 giant geckos
  5 orcs
  2 ball pythons
  8 bats
  4 giant cockroaches
  6 goblins
  8 hobgoblins
  A quokka (D:2)
  9 giant newts
  9 kobolds
  9 rats
98 creatures vanquished.

Vanquished Creatures (collateral kills)
  Duvessa (D:5)
  2 ogres
  A centaur (D:7)
  The ghost of Karasique the Gusty, an amateur TeAE (D:3)
  A scorpion (D:4)
  Dowan (D:5)
  2 wights (D:6)
  A giant frog skeleton (D:4)
  An orc wizard (D:7)
  A statue (D:6)
  A killer bee zombie (D:5)
  An adder (D:7)
  A worm (D:3)
  A giant gecko (D:5)
  4 orcs
  A goblin (D:1)
  4 hobgoblins
  A bat (D:2)
  A giant newt (D:1)
  A jackal zombie (D:5)
  A rat (D:1)
29 creatures vanquished.

Grand Total: 127 creatures vanquished

Notes
Turn   | Place    | Note
--------------------------------------------------------------
     0 | D:1      | Karasique the Draconian Wizard began the quest for the Orb.
     0 | D:1      | Reached XP level 1. HP: 14/14 MP: 4/4
   387 | D:1      | Reached XP level 2. HP: 14/20 MP: 0/6
   409 | D:1      | Learned a level 2 spell: Call Imp
   412 | D:1      | Learned a level 2 spell: Blink
   415 | D:1      | Learned a level 2 spell: Repel Missiles
   836 | D:1      | Reached skill level 2 in Conjurations
   922 | D:2      | Reached XP level 3. HP: 26/26 MP: 3/7
  1619 | D:2      | Reached XP level 4. HP: 33/33 MP: 3/8
  1765 | D:2      | Gained mutation: Your tail ends in a poisonous barb. [potion of mutation]
  1765 | D:2      | Gained mutation: You have a pair of small antennae on your head. [potion of mutation]
  1995 | D:3      | Reached skill level 1 in Air Magic
  2024 | D:3      | Found an oddly glowing altar of Pakellas.
  2025 | D:3      | Found a shadowy altar of Dithmenos.
  2026 | D:3      | Found an ancient bone altar of Kikubaaqudgha.
  2098 | D:3      | Noticed Karasique's ghost (amateur TeAE)
  2198 | D:4      | Noticed Zhenya25pyc's ghost (novice GrFi)
  2580 | D:3      | Killed Karasique's ghost
  2580 | D:3      | Reached skill level 3 in Conjurations
  2580 | D:3      | Reached XP level 5. HP: 30/38 MP: 1/9
  2585 | D:3      | Learned a level 3 spell: Mephitic Cloud
  3249 | D:3      | Reached skill level 4 in Conjurations
  3324 | D:4      | Reached XP level 6. HP: 42/45 MP: 6/10
  3412 | D:4      | Found a basalt altar of Yredelemnul.
  3416 | D:4      | Found a glowing golden altar of the Shining One.
  3422 | D:4      | Noticed a profane servitor
  3469 | D:4      | HP: 2/45 [ogre/giant club (29)]
  3482 | D:4      | Reached skill level 1 in Poison Magic
  3871 | D:5      | Entered Level 5 of the Dungeon
  3902 | D:5      | Noticed Dowan
  3920 | D:5      | Killed Dowan
  4097 | D:5      | Found a bloodstained altar of Trog.
  4418 | D:5      | Found a deep blue altar of Sif Muna.
  4554 | D:5      | Noticed Duvessa
  4590 | D:5      | Killed Duvessa
  4590 | D:5      | Reached skill level 5 in Conjurations
  4804 | D:5      | Found a staircase to the Ecumenical Temple.
  4813 | Temple   | Entered the Ecumenical Temple
  5105 | D:5      | Your scales start taking on a weird mottled colour.
  5105 | D:5      | Reached XP level 7. HP: 50/50 MP: 8/11
  5324 | D:6      | Found a radiant altar of Vehumet.
  5348 | D:6      | Became a worshipper of Vehumet
  5375 | D:6      | Noticed Crazy Yiuf
  5387 | D:6      | Killed Crazy Yiuf
  5477 | D:6      | Learned a level 3 spell: Conjure Flame
  5667 | D:6      | Reached skill level 6 in Conjurations
  5939 | D:6      | Reached XP level 8. HP: 53/57 MP: 6/14
  6148 | D:7      | Reached skill level 7 in Conjurations
  6203 | D:7      | Found Remif's Assorted Antiques.
  6225 | D:7      | Bought a scroll of identify for 52 gold pieces
  6276 | D:7      | Reached * piety under Vehumet
  6276 | D:7      | Offered knowledge of Sandblast by Vehumet.
  6302 | D:7      | Slain by a giant frog

Vault maps used:
D:1:      tarquinn_simple_flora_water_d, minmay_misc_feat_cross, hex_large
D:2:      wad_pebble_path, st_stairs_11, minmay_three_crescents
D:3:      grunt_temple_overflow_open
D:4:      grunt_temple_overflow_holy_war, first_bread, abandoned_shop
D:5:      led_sif_pool, bloody_trog, minmay_temple_entry_butterflies,
          uniq_duvessa
D:6:      vehumet_statue, uniq_crazy_yiuf_cottage
D:7:      black_bear_nest_2, tgw_xom, serial_shops, nicolae_shop_waterfront,
          grunt_ogre_cave
Temple:   hc_temple_tempest_star

Skill      XL: |  1  2  3  4  5  6  7  8 |
---------------+-------------------------+-----
Conjurations   | 2 3 4 5 6 7 |  7.5
Translocations | 2 |  2.0
Summonings     | 2 |  2.0
Air Magic      | 1 3 |  3.0
Poison Magic   | 2 4 |  4.1
Spellcasting   | 4 |  4.0
Dodging        | |  1.7
Stealth        | |  1.7

Action                   |  1- 3 |  4- 6 |  7- 9 || total
-------------------------+-------+-------+-------++-------
Melee: Unarmed           |    57 |       |       ||    57
       Tailslap          |    13 |     9 |    17 ||    39
       Short sword       |    55 |   133 |   174 ||   362
       Staff             |       |     7 |     2 ||     9
 Cast: Magic Dart        |    57 |    41 |     6 ||   104
       Call Imp          |     6 |    26 |    23 ||    55
       Blink             |     1 |       |     4 ||     5
       Mephitic Cloud    |       |     9 |     5 ||    14
       Repel Missiles    |       |       |     1 ||     1
 Abil: Breathe Sticky Fl |       |       |     5 ||     5
  Use: Scroll            |       |     8 |     5 ||    13
       Potion            |       |     1 |       ||     1
 Stab: Sleeping          |     1 |     1 |       ||     2
       Confused          |       |     5 |     6 ||    11
       Distracted        |       |       |     2 ||     2
  Eat: Chunk             |     2 |     8 |     6 ||    16
       Meat ration       |       |     1 |       ||     1
Armor: Skin              |    63 |    64 |    47 ||   174
Dodge: Dodged            |   132 |   107 |    95 ||   334
